AoeStats
← kkkg

Arena

506633353Analyzed
1v1 RM · 18d ago on Sep 14, 2026· 43m 23s· 2 players
Game mode
Random Map
Map size
Tiny (2 player)
Population
200
Speed
Normal
Resources
Standard
Victory
Conquest
Starting age
Dark Age
Ending age
Imperial Age
RankedLock teamsTeams togetherTeam positionsShared explorationLock speedFull tech treeHidden civsTurbo modeCheats
Victory
Defeat
🇨🇳 Burgundians · China
936
+14
🇸🇰 Magyars · Slovakia
900
-14
Braňo Konter
11:10 Feudal Age
12:19 Horse Collar
15:30 Castle Age
14:02 Double-Bit Axe
16:14 Wheelbarrow
15:46 Pikeman
17:35 Heavy Plow
29:35 Imperial Age
26:53 Loom
27:49 Murder Holes
27:58 Scale Mail Armor
28:28 Bow Saw
28:35 Crossbowman
29:40 Ballistics
29:52 Stone Mining
29:54 Gold Mining
30:00 Fletching
30:40 Thumb Ring
31:23 Halberdier
32:07 Bodkin Arrow
33:49 Hand Cart
33:29 Arbalester
35:23 Bracer
35:39 Chain Mail Armor
35:25 Padded Archer Armor
37:01 Conscription
37:50 Chemistry
38:06 Gold Shaft Mining
37:49 Masonry
38:39 Crop Rotation
40:23 Leather Archer Armor
41:15 Elite Skirmisher
kkkg
4:46 Double-Bit Axe
8:53 Horse Collar
14:08 Feudal Age
15:43 Bow Saw
15:37 Heavy Plow
17:59 Castle Age
21:27 Two-Man Saw
22:05 Fervor
23:52 Wheelbarrow
25:43 Treadmill Crane
26:25 Gold Mining
26:26 Stone Mining
27:52 Hand Cart
30:46 Imperial Age
29:13 Loom
29:14 Town Watch
30:31 Stone Shaft Mining
30:32 Gold Shaft Mining
30:40 Ballistics
30:44 Padded Archer Armor
30:34 Fletching
30:59 Masonry
32:14 Town Patrol
33:20 Chemistry
32:31 Masonry
34:57 Leather Archer Armor
34:38 Bodkin Arrow
35:21 Conscription
35:28 Burgundian Vineyards
36:02 Architecture
35:46 Scale Barding Armor
35:53 Forging
37:15 Bracer
37:51 Iron Casting
37:37 Chain Barding Armor
38:34 Husbandry
40:13 Elite Coustillier
42:18 Plate Barding Armor
42:45 Blast Furnace
Connection lost

Rejoining the realm…

Still unreachable

The connection could not be restored.

Session expired

The server has moved on; the page needs a fresh start.